 Dungeon Crawl Stone Soup version 0.31.0-9-g3a7656b989 (webtiles) character file.

Game seed: 11843405106908115364

94159 Kenran the Severer (level 16, -2/107 HPs)
             Began as a Gargoyle Berserker on Jan 26, 2024.
             Was a High Priest of Trog.
             Slain by a naga warrior
             ... wielding a +0 halberd
              (3 damage)
             ... on level 1 of the Snake Pit.
             The game lasted 00:47:50 (26225 turns).

Kenran the Severer (Gargoyle Berserker)            Turns: 26225, Time: 00:47:51

Health: -2/107     AC: 49    Str: 27    XL:     16   Next: 10%
Magic:  16/16      EV:  3    Int: 10    God:    Trog [*****.]
Gold:   2139       SH:  0    Dex:  9    Spells: 15/15 levels left

rFire   . . .        a - +4 war axe (flame)
rCold   . . .        (no shield)
rNeg    + . .        B - +0 crystal plate armour
rPois   ∞            g - +2 helmet
rElec   +            C - +1 cloak {Stlth+}
rCorr   .            w - +2 pair of gloves
SInv    .            G - +0 pair of boots
Will    ++++.        (no amulet) Stlth
                     y - ring of willpower
HPRegen 1.37/turn    n - +4 ring of protection
MPRegen 0.15/turn

%: no passive effects
@: about to teleport, strong-willed, flying, regenerating, constricted
A: sickness immunity, AC +12, big wings, negative energy resistance 1,
electricity resistance, torment resistance 1, petrification resistance
a: Renounce Religion, Berserk, Trog's Hand, Brothers in Arms


You were on level 1 of the Snake Pit.
You worshipped Trog.
Trog was extremely pleased with you.
You visited 4 branches of the dungeon, and saw 23 of its levels.
You also visited: Sewer and Volcano.

You collected 2581 gold pieces.
You spent 442 gold pieces at shops.

Inventory:

Hand Weapons
 a - a +4 war axe of flaming (weapon)
 b - a +1 battleaxe of flaming
 c - the +7 lajatang of Order {silver, rMut}
   (Trog gifted it to you on level 2 of the Orcish Mines)

   rMut:      It protects you from mutation.
 P - a +2 executioner's axe of flaming
Missiles
 s - 3 throwing nets (quivered)
Armour
 g - a +2 helmet (worn)
 m - a +2 cloak
 w - a +2 pair of gloves (worn)
 B - a +0 crystal plate armour (worn)
 C - a +1 cloak of stealth (worn)
 G - a +0 pair of boots (worn)
Jewellery
 n - a +4 ring of protection (right hand)
 y - a ring of willpower (left hand)
 L - a ring of positive energy
 N - a ring of see invisible
Wands
 e - a wand of digging (3)
 f - a wand of paralysis (14)
 l - a wand of flame (9)
 D - a wand of iceblast (8)
 I - a wand of polymorph (10)
Scrolls
 d - 3 scrolls of enchant armour
 h - 2 scrolls of butterflies
 j - 4 scrolls of immolation {!r}
 k - 2 scrolls of brand weapon
 o - 2 scrolls of teleportation
 q - 3 scrolls of enchant weapon
 v - a scroll of revelation
 E - 2 scrolls of poison
 H - a scroll of vulnerability {!r}
 R - a scroll of fog
Potions
 i - 2 potions of ambrosia
 p - 4 potions of heal wounds {@q2}
 r - 2 potions of haste
 u - 3 potions of enlightenment
 x - 2 potions of invisibility
 z - a potion of curing {@q1}
 A - 2 potions of magic
 F - 2 potions of lignification {!q}
 J - a potion of berserk rage {!q}
 K - 2 potions of attraction {!q}
 M - 4 potions of mutation {!q}
 O - a potion of cancellation


   Skills:
 + Level 14.9 Fighting
 + Level 19.4 Axes
 + Level 13.1 Armour
 - Level 2.0 Dodging
 - Level 6.0 Evocations


You had 15 spell levels left.
You didn't know any spells.
Your spell library was empty.

Dungeon Overview and Level Annotations

Branches:
Dungeon (15/15)            Temple (0/1) D:4            Lair (5/5) D:9
  Swamp (0/4) Lair:3        Snake (1/4) Lair:2        Slime (0/5) Lair:4
    Orc (2/2) D:11            Elf (0/3) Orc:2        Vaults (0/5) D:13
 Depths (0/4) D:15          Sewer (visited)         Volcano (visited)

Altars:
Fedhas
Kikubaaqudgha
Nemelex Xobeh
Uskayaw
Xom
Zin
Jiyva

Shops:
D:6 !(([   D:10 *   D:11 !   D:12 :   Orc:2 **:[

Portals:
Trove: D:14 (give horn of Geryon)

Annotations:
D:3 2 transporters
D:8 2 transporters, exclusion: ice statue, ripuliukko's ghost, novice GrEE
D:14 2 runed translucent doors, Kilet's ghost, adept GrEE


Innate Abilities, Weirdness & Mutations

You are immune to sickness and miasma.
Your stone body is resilient. (AC +12)
You are immune to poison.
Your large and strong wings let you fly.
You resist negative energy. (rN+)
You are resistant to electric shocks. (rElec)
You are resistant to unholy torment.
You are immune to petrification.


Message History

Your troll struggles to escape constriction.
The naga mage misses your butterfly. The naga mage constricts your troll.
Your troll dies!
Your troll's corpse disappears in a puff of smoke!
The naga mage hits you but does no damage.
The salamander hits you from afar with a +0 halberd.
* * * LOW HITPOINT WARNING * * *
You are engulfed in flames!
* * * LOW HITPOINT WARNING * * *
You escape the naga's grasp.
The naga mage hits you but does no damage.
The anaconda grabs you.
You stop ascending the stairs.
The anaconda bites you but does no damage.
The anaconda constricts you.
The naga mage points at you and mumbles some strange words.
The bolt of poison hits you but does no damage.
You resist.
The naga mage hits your butterfly with a +0 whip!
Your butterfly dies!
Your butterfly disappears in a burst of colours!
The naga warrior hits you but does no damage.
The naga hits you with a +0 dire flail!
* * * LOW HITPOINT WARNING * * *
The naga mage barely misses you.
The anaconda bites you but does no damage.
The anaconda constricts you. The salamander barely misses you.
Okay, then.
Okay, then.
Okay, then.
Okay, then.
Okay, then.
As you read the scroll of teleportation, it crumbles to dust.
You feel strangely unstable.
The naga mage hits you but does no damage.
The anaconda bites you!
* * * LOW HITPOINT WARNING * * *
The anaconda constricts you.
The naga mage hits you but does no damage.
The naga warrior hits you from afar with a +0 halberd.
You die...

........$....#
............##
.............##
..........=...######
...........S.b##...#
..........#.b......#
)..........$...b..#
...#.........Nbb..#
#..#.......bbb)S@.#
.######....b..NN..#
# ##....bbNNN....
##.....b......#
##....b.....##
##.......!.#
#.....N....
#....>.....#


You could see a naga warrior (curare), a salamander (strong), an anaconda, a
mana viper, 3 naga magi and 2 nagas.

Vanquished Creatures
  Saint Roka (Orc:1)
  A stone giant (Volcano)
  Snorg (D:11)
  Josephine (Lair:3)
  A rakshasa (D:15)
  A great orb of eyes (D:15)
  Erolcha (Orc:2)
  An ogre mage (D:13)
  3 hydras
  5 centaur warriors
  3 boulder beetles
  4 catoblepae (Lair:5)
  6 two-headed ogres
  7 death yaks (Lair:5)
  5 orc high priests (Orc:2)
  Nergalle (Lair:3)
  2 skysharks
  A swamp dragon (Lair:3)
  An arcanist (D:15)
  A glowing orange brain (shapeshifter) (D:15)
  8 orc knights
  Pikel (D:4)
  A lindwurm (Lair:4)
  A deep elf pyromancer (D:12)
  A salamander (Lair:2)
  4 ugly things
  Maurice (D:8)
  7 orc sorcerers
  4 cyclopes
  8 manticores
  3 meliai (D:9)
  12 elephants
  4 kobold blastminers
  2 naga magi (Snake:1)
  5 black mambas
  A gargoyle (D:12)
  A torpor snail (Lair:5)
  A water nymph (shapeshifter) (D:13)
  12 cane toads
  3 unseen horrors
  A kobold demonologist (D:12)
  2 efreet
  3 rime drakes
  5 komodo dragons
  A rime drake (shapeshifter) (D:13)
  6 trolls
  3 polar bears
  2 hornets
  Grinder (D:3)
  Sigmund (D:4)
  4 dream sheep (Lair:5)
  19 blink frogs
  6 wraiths
  4 wyverns
  A yak (shapeshifter) (D:13)
  A vampire (D:14)
  A water elemental (D:15)
  50 yaks
  11 slime creatures
  3 fire bats (Lair:1)
  4 wargs
  2 fire elementals (Volcano)
  2 basilisks
  Grum (D:8)
  2 vampire mosquitoes (D:15)
  3 steam dragons
  A naga (Snake:1)
  15 water moccasins
  An acid dragon (D:11)
  8 black bears
  30 orc warriors
  A sky beast (D:8)
  2 laughing skulls (D:14)
  8 ogres
  28 wolves
  4 centaurs
  2 lemures
  2 phantoms
  2 kobold brigands
  2 gnoll sergeants
  15 bullfrogs
  2 brain worms (Sewer)
  Blork the orc (D:5)
  3 earth elementals (Volcano)
  4 scorpions
  9 killer bees
  An electric eel (D:15)
  6 howler monkeys (D:11)
  3 lava snakes (Lair:2)
  2 bombardier beetles
  2 jellies
  Crazy Yiuf (D:2)
  19 orc priests
  Ijyb (D:5)
  5 hounds
  2 iguanas (D:7)
  2 sleepcaps
  34 orc wizards
  Robin (D:2)
  7 gnolls
  9 adders
  2 river rats (Sewer)
  2 white imps
  2 ribbon worms
  4 dart slugs
  75 orcs
  8 bats
  4 endoplasms
  3 giant cockroaches
  19 goblins
  16 hobgoblins
  2 quokkas
  8 ball pythons
  3 frilled lizards
  12 kobolds
  9 rats
670 creatures vanquished.

Vanquished Creatures (collateral kills)
  An anaconda (Snake:1)
  A black mamba (Snake:1)
  A naga mage (Snake:1)
  An orc (Orc:1)
4 creatures vanquished.

Grand Total: 674 creatures vanquished

Notes
Turn   | Place    | Note
-------+----------+-------------------------------------------
     0 | D:1      | Kenran the Gargoyle Berserker began the quest for the Orb.
     0 | D:1      | Reached XP level 1. HP: 14/14 MP: 1/1
    31 | D:1      | Reached skill level 3 in Axes
    57 | D:1      | Reached XP level 2. HP: 13/19 MP: 2/2
   411 | D:1      | Reached XP level 3. HP: 18/23 MP: 3/3
   571 | D:1      | Reached skill level 4 in Axes
   649 | D:1      | Reached ** piety under Trog
   803 | D:1      | Found a faded altar of an unknown god.
  1044 | D:2      | Reached XP level 4. HP: 25/28 MP: 4/4
  1093 | D:2      | Noticed Robin
  1111 | D:2      | Killed Robin
  1363 | D:2      | Reached skill level 5 in Axes
  1401 | D:2      | Found a runed translucent door.
  1402 | D:2      | Noticed Crazy Yiuf
  1552 | D:2      | Killed Crazy Yiuf
  1553 | D:2      | Reached XP level 5. HP: 32/32 MP: 5/5
  1697 | D:3      | Found a transporter.
  1808 | D:3      | Noticed Grinder
  1813 | D:3      | Paralysed by Grinder for 3 turns
  1823 | D:3      | Paralysed by Grinder for 3 turns
  1833 | D:3      | Killed Grinder
  1834 | D:3      | Reached skill level 6 in Axes
  1834 | D:3      | Reached XP level 6. HP: 17/37 MP: 6/6
  1917 | D:3      | You fall into a shaft and drop 3 floors!
  1930 | D:5      | Entered Level 5 of the Dungeon
  1958 | D:5      | Found a glowing silver altar of Zin.
  2010 | D:5      | Noticed Ijyb
  2020 | D:5      | Killed Ijyb
  2049 | D:5      | Reached skill level 7 in Axes
  2049 | D:5      | Reached XP level 7. HP: 41/41 MP: 7/7
  2077 | D:5      | Noticed Blork the orc
  2081 | D:5      | Killed Blork the orc
  2142 | D:5      | Reached *** piety under Trog
  2155 | D:5      | Found a shimmering altar of Xom.
  2222 | D:5      | Found a glowing drain.
  2226 | Sewer    | Entered a sewer
  2332 | Sewer    | Reached skill level 8 in Axes
  2498 | Sewer    | Reached XP level 8. HP: 46/46 MP: 8/8
  2897 | D:3      | Found a transporter.
  3285 | D:4      | Reached skill level 9 in Axes
  3393 | D:4      | Found a staircase to the Ecumenical Temple.
  3421 | D:4      | Noticed Sigmund
  3429 | D:4      | Killed Sigmund
  3972 | D:5      | Noticed Pikel
  3998 | D:4      | Killed Pikel
  3999 | D:4      | Reached skill level 10 in Axes
  3999 | D:4      | Reached XP level 9. HP: 18/52 MP: 9/9
  4834 | D:6      | Found Iguuluuk's Weapon Boutique.
  4836 | D:6      | Found Nabisid's Distillery.
  4856 | D:6      | Reached skill level 5 in Fighting
  4958 | D:6      | Found Byibrin's Weapon Boutique.
  5030 | D:6      | Reached **** piety under Trog
  5196 | D:6      | Found a hide-covered altar of Uskayaw.
  5336 | D:6      | Bought a potion of heal wounds for 65 gold pieces
  5336 | D:6      | Bought a potion of heal wounds for 65 gold pieces
  5449 | D:6      | Reached skill level 11 in Axes
  5483 | D:6      | Found an ancient bone altar of Kikubaaqudgha.
  5666 | D:6      | Found Jodef's Antique Armour Boutique.
  6330 | D:7      | Noticed a two-headed ogre
  6337 | D:7      | Killed a two-headed ogre
  6338 | D:7      | Reached skill level 12 in Axes
  6338 | D:7      | Reached XP level 10. HP: 55/60 MP: 10/10
  6463 | D:7      | Found a sparkling altar of Nemelex Xobeh.
  6488 | D:7      | Reached skill level 1 in Evocations
  7012 | D:8      | Noticed Maurice
  7020 | D:8      | Maurice stole a +1 whip of flaming
  7022 | D:8      | Killed Maurice
  7344 | D:8      | Found a blossoming altar of Fedhas.
  7563 | D:8      | Noticed Grum
  7572 | D:8      | Killed Grum
  7694 | D:8      | Noticed ripuliukko's ghost (novice GrEE)
  7697 | D:8      | Noticed a rakshasa
  7808 | D:8      | Found a transporter.
  7828 | D:8      | Noticed an ice statue
  7842 | D:8      | Found a transporter.
  7949 | D:9      | Noticed a meliai
  7950 | D:9      | Noticed a meliai
  7954 | D:9      | Noticed a meliai
  7957 | D:9      | Killed a meliai
  7958 | D:9      | Reached skill level 5 in Armour
  7960 | D:9      | Killed a meliai
  7961 | D:9      | Killed a meliai
  8000 | D:9      | Noticed a two-headed ogre
  8132 | D:9      | Reached XP level 11. HP: 57/68 MP: 11/11
  8306 | D:9      | Killed a two-headed ogre
  8329 | D:9      | Reached skill level 13 in Axes
  8581 | D:9      | Found a staircase to the Lair.
  8734 | D:10     | Entered Level 10 of the Dungeon
  8961 | D:10     | Found Jyjaumad's Changing Room.
  9647 | D:11     | Found a staircase to the Orcish Mines.
  9771 | D:11     | Found Naon's Distillery.
  9780 | D:11     | Reached ***** piety under Trog
 10085 | D:11     | Reached skill level 14 in Axes
 10139 | D:12     | Noticed a two-headed ogre
 10433 | D:11     | Noticed a manticore
 10451 | D:11     | Killed a manticore
 11091 | Lair:1   | Entered Level 1 of the Lair of Beasts
 11228 | Lair:1   | Reached XP level 12. HP: 73/73 MP: 12/12
 11290 | Lair:1   | Found a dark tunnel.
 11324 | Volcano  | Entered a volcano
 11406 | Volcano  | Noticed a stone giant
 11421 | Volcano  | Killed a stone giant
 11813 | Lair:1   | Reached skill level 15 in Axes
 12741 | Lair:2   | Noticed a four-headed hydra
 12762 | Lair:2   | Killed a one-headed hydra
 12960 | Lair:2   | Reached skill level 5 in Evocations
 13201 | Lair:2   | Noticed a skyshark
 13211 | Lair:2   | Killed a skyshark
 13282 | Lair:2   | Found a staircase to the Snake Pit.
 13473 | Lair:2   | Reached XP level 13. HP: 69/82 MP: 13/13
 13771 | Lair:2   | Reached skill level 10 in Fighting
 13777 | Lair:2   | Reached skill level 10 in Armour
 14181 | Lair:3   | Noticed Nergalle
 14198 | Lair:3   | Killed Nergalle
 14214 | Lair:3   | Noticed Josephine
 14268 | Lair:3   | Killed Josephine
 14538 | Lair:3   | Found a staircase to the Swamp.
 14682 | Lair:3   | Reached skill level 16 in Axes
 15534 | Lair:4   | Found a staircase to the Slime Pits.
 15534 | Lair:4   | Found a viscous altar of Jiyva.
 16615 | Lair:5   | Entered Level 5 of the Lair of Beasts
 16757 | Lair:5   | Gained mutation: Your large and strong wings let you fly.
                  | [Gargoyle growth]
 16757 | Lair:5   | Reached XP level 14. HP: 92/92 MP: 14/14
 16798 | Lair:5   | Received a gift from Trog
 18065 | Lair:5   | Received a gift from Trog
 18355 | Lair:5   | Reached skill level 17 in Axes
 19137 | D:12     | Found Coir's Book Boutique.
 19422 | D:13     | Reached XP level 15. HP: 99/100 MP: 15/15
 19833 | D:13     | Reached skill level 18 in Axes
 20010 | D:13     | Found a gate to the Vaults.
 20416 | Orc:1    | Entered Level 1 of the Orcish Mines
 20432 | Orc:1    | Noticed Snorg
 20902 | D:11     | Received a gift from Trog
 20911 | D:11     | Killed Snorg
 21565 | Orc:2    | Entered Level 2 of the Orcish Mines
 21633 | Orc:2    | Noticed Saint Roka
 21806 | Orc:2    | Noticed Erolcha
 21809 | Orc:1    | Reached ****** piety under Trog
 21829 | Orc:1    | Killed Saint Roka
 22054 | Orc:2    | Killed Erolcha
 22384 | Orc:2    | Received a gift from Trog
 22384 | Orc:2    | Found the +7 lajatang of Order {silver, rMut}
 22700 | Orc:2    | Found a staircase to the Elven Halls.
 22837 | Orc:2    | Reached skill level 19 in Axes
 23384 | Orc:2    | Found Pideulank's Antique Armour Boutique.
 23389 | Orc:2    | Found Ugaoc's Book Shoppe.
 23396 | Orc:2    | Found Qootsui's Assorted Antiques.
 23398 | Orc:2    | Found Bimarphau's General Store.
 23432 | Orc:2    | Bought 3 scrolls of identify for 72 gold pieces
 23683 | Orc:2    | Bought an embroidered cloak for 240 gold pieces
 24216 | D:14     | Found a portal to a secret trove of treasure.
 24320 | D:14     | Found a large runed translucent door.
 24321 | D:14     | Found a large runed translucent door.
 24324 | D:14     | Noticed Kilet's ghost (adept GrEE)
 24527 | D:15     | Entered Level 15 of the Dungeon
 25367 | D:15     | Reached XP level 16. HP: 47/107 MP: 16/16
 25822 | D:15     | Found a staircase to the Depths.
 26190 | Snake:1  | Entered Level 1 of the Snake Pit
 26225 | Snake:1  | HP: 1/107 [anaconda[a naga ritualist] (9)]
 26225 | Snake:1  | Slain by a naga warrior

Illustrated notes

Levels and vault maps discovered:
D:1:      dpeg_arrival_subterranean_lakeside_camping, layout_basic,
          shapermc_ecumenical_altar_hornbeckon, minmay_tromino_i4
D:2:      layout_rooms, uniq_robin, uniq_crazy_yiuf_cottage
D:3:      gammafunk_steamed_eel, layout_basic, grunt_decor_cap, st_stairs_14,
          grunt_decor_mini_mirrors, minmay_misc_feat_square,
          chequers_decorated_corner, uniq_grinder
D:4:      cheibrodos_old_hovel, layout_basic, minmay_temple_entry_from_below_b,
          minmay_checkerbox, uniq_sigmund
D:5:      layout_cave_pods, mainiacjoe_overflow_brackets,
          mainiacjoe_overflow_surrounded_room, gup_sewer_entry_bowl,
          hangedman_abyss_or_decor_stagger, uniq_pikel, uniq_ijyb,
          uniq_blork_the_orc
D:6:      layout_layer_cave, marbit_many_paths, lemuel_doored_altar,
          serial_shops, nicolae_shop_bloodbath_and_beyond, kennysheep_mini_moat,
          shop, shop
D:7:      layout_loops_ring, amcnicky_altar_gilded
D:8:      layout_rooms, fedhas_ov_isle_minmay, nzn_ghost_randoct,
          dk_noncrumbling_2, nicolae_two_hexagons, uniq_maurice, uniq_grum
D:9:      layout_cave_pools, grunt_lair_entry_orc_guard_hut, minmay_between
D:10:     layout_loops_ring, nicolae_transmutations_shop, minivault_5,
          minmay_misc_feat_four_crosses
D:11:     layout_loops_ring, david_orc_2, serial_co_window_serial,
          co_window_corner_a, co_window_paths_b, co_window_paths_b,
          co_window_corner_a, co_window_paths_a, co_window_corner_b,
          co_window_2corner, co_window_corner_cb, co_window_unsneaky_path_b,
          co_window_broadway_c, co_window_unsneaky_path_b, glass_columns_b,
          glass_columns_b, glass_columns_a, glass_columns_a, glass_columns_a,
          serial_shops, shop
D:12:     layout_irregular_city, serial_shops, shop,
          portal_ice_cave_entry_pillars_1
D:13:     layout_rooms, david_vaults_2
D:14:     layout_rooms, dreamdust_mushroom_princess, enter_trove_1,
          ebering_ghost_disaster_area
D:15:     gammafunk_enter_depths_forms, layout_gridville, serial_bayou,
          serial_bayou_pond_a, serial_bayou_lagoon_a, serial_bayou_pond_d
Lair:1:   layout_roguey, nicolae_volcano_entry_batcave,
          small_statue_intersection, beast_lair_carwin_4
Lair:2:   layout_roguey, nicolae_snake_entry_warm_welcome, grunt_megastairs_4
Lair:3:   layout_misc_corridors, mainiacjoe_swamp_entry_lozenge_pond,
          serial_bayou_shore_b, uniq_josephine, uniq_nergalle
Lair:4:   layout_small_grid, slime_entry_1
Lair:5:   evilmike_catoblepas_cave, layout_cave_shapes, gauntlet_entry_generic,
          grunt_megastairs_3
Snake:1:  layout_cave_shapes, nicolae_snake_bzzzt
Orc:1:    layout_caves, sword_in_stone, uniq_snorg
Orc:2:    st_orc_elflike, layout_caves, uniq_saint_roka, uniq_erolcha

Skill      XL: |  1  2  3  4  5  6  7  8  9 10 11 12 13 14 15 16 |
---------------+-------------------------------------------------+-----
Axes           | 3 4 5 6 7 8 10 12 14 15 16 17 19 | 19.4
Fighting       | 4 6 8 9 12 14 | 14.9
Armour         | 3 4 6 8 9 10 12 13 | 13.1
Evocations     | 3 5 6 |  6.0
Dodging        | 2 |  2.0

Action                     |  1- 3 |  4- 6 |  7- 9 | 10-12 | 13-15 | 16-18 || total
---------------------------+-------+-------+-------+-------+-------+-------++-------
  Melee: Hand axe          |   134 |    54 |       |       |       |       ||   188
         Punch             |     1 |       |     2 |     8 |    24 |     1 ||    36
         War axe           |       |    65 |   305 |   652 |  1307 |    36 ||  2365
         Battleaxe         |       |       |       |    14 |    13 |       ||    27
 Invoke: Berserk           |       |     2 |     6 |     5 |     7 |       ||    20
         Trog's Hand       |       |       |     1 |     3 |       |     1 ||     5
         Brothers in Arms  |       |       |       |       |     1 |     1 ||     2
  Evoke: Wand              |       |       |       |     5 |     2 |       ||     7
    Use: Scroll            |       |     5 |     6 |     9 |    12 |     3 ||    35
         Potion            |       |       |     4 |     3 |     2 |     3 ||    12
   Stab: Sleeping          |     1 |       |       |       |       |       ||     1
         Paralysed         |       |       |       |     3 |       |       ||     3
 Armour: Animal skin       |    39 |       |       |       |       |       ||    39
         Scale mail        |    43 |    78 |   174 |       |       |       ||   295
         Chain mail        |       |       |    35 |     2 |       |       ||    37
         Crystal plate arm |       |       |       |   820 |  1371 |    98 ||  2289
  Dodge: Dodged            |    83 |    56 |   123 |   141 |   293 |     8 ||   704
